 Dungeon Crawl Stone Soup version 0.22-a0-609-gfedc9ff (webtiles) character file.

37 Amnesiac the Caller (level 3, -6/22 HPs)
             Began as a Deep Elf Summoner on July 10, 2018.
             Killed by nerve-wracking pain
             ... invoked by an orc priest
              (11 damage)
             ... on level 4 of the Dungeon.
             The game lasted 00:02:04 (683 turns).

Amnesiac the Caller (Deep Elf Summoner)              Turns: 683, Time: 00:02:05

Health: -6/22      AC:  2    Str:  5    XL:     3   Next: 23%
Magic:  3/9        EV: 13    Int: 20    God:
Gold:   0          SH:  0    Dex: 15    Spells: 2/8 levels left

rFire    . . .     SeeInvis .   a - +0 dagger
rCold    . . .     Gourm    .   (no shield)
rNeg     . . .     Faith    .   d - +0 robe
rPois    .         Spirit   .   (no helmet)
rElec    .         Reflect  .   (no cloak)
rCorr    .         Harm     .   (no gloves)
MR       +....                  (no boots)
Stlth    ++........             (no amulet)
HPRegen  0.07/turn              b - ring of protection from magic
MPRegen  0.11/turn              (no ring)

@: no status effects
A: no striking features
a: no special abilities


You were on level 4 of the Dungeon.
You were not hungry.

You visited 1 branch of the dungeon, and saw 4 of its levels.

Inventory:

Hand Weapons
 a - a +0 dagger (weapon)
Armour
 d - a +0 robe (worn)
Jewellery
 b - a ring of protection from magic (left hand)
Comestibles
 c - 4 rations


   Skills:
 * Level 2.4 Fighting
 + Level 2.4 Dodging
 - Level 2.4 Stealth
 - Level 3.0 Spellcasting
 - Level 4.3 Summonings


You had 2 spell levels left.
You knew the following spells:

 Your Spells              Type           Power        Failure   Level  Hunger
a - Call Imp              Summ           ###.....     3%          2    ##.....
b - Summon Small Mammal   Summ           ###.         2%          1    None
c - Call Canine Familiar  Summ           ###.....     7%          3    ###....

Your spell library contained the following spells:

 Spells                   Type           Power        Failure   Level  Hunger
 Summon Ice Beast         Ice/Summ       ##......     50%         4    ####...
 Summon Lightning Spire   Summ/Air       ##......     50%         4    ####...
 Summon Guardian Golem    Hex/Summ       ##......     17%         3    ###....


Dungeon Overview and Level Annotations

Branches:
Dungeon (4/15)
 Temple: D:4-7

Altars:

Annotations:
D:4 Duvessa


Message History

Duvessa misses your quokka.
Duvessa looks more energetic.
Duvessa closely misses your quokka.
Your crimson imp blinks!
Duvessa closely misses your quokka. Duvessa hits your quokka with a rapier.
Your quokka dies!
Your quokka's corpse disappears in a puff of smoke!
A silver tomahawk appears from out of your range of vision.
The silver tomahawk closely misses your bat.
The silver tomahawk barely misses Duvessa.
Duvessa hits your crimson imp with a rapier!
Your crimson imp blinks!
A silver tomahawk appears from out of your range of vision.
The silver tomahawk barely misses your bat.
The silver tomahawk barely misses Duvessa.
Duvessa says, "The sword shall overcome grief!"
Duvessa grits her teeth and focuses.
Your crimson imp blinks!
Your crimson imp blinks!
Casting: Call Imp (safe; 3% risk of failure)
Confirm with . or Enter, or press ? or * to list all spells.
You swap places.
Your crimson imp blinks!
Your quokka disappears in a puff of smoke!
Duvessa hits your quokka with a rapier.
Your quokka dies!
Your quokka's corpse disappears in a puff of smoke!
Casting: Summon Small Mammal (safe; 2% risk of failure)
Confirm with . or Enter, or press ? or * to list all spells.
Your bat disappears in a puff of smoke!
Duvessa hits your hound but does no damage.
There is a stone staircase leading down here.
You swap places.
An orc comes into view. It is wielding a club.
Duvessa hits you with a rapier!
You hit Duvessa but do no damage.
Duvessa is moderately wounded.
Duvessa barely misses you.
You barely miss Duvessa.
Duvessa is moderately wounded.
Duvessa misses you.
You hit Duvessa but do no damage.
Duvessa is moderately wounded.
Duvessa completely misses you.
You hit Duvessa but do no damage.
Duvessa is moderately wounded.
Duvessa hits you with a rapier!
Ouch! That really hurt!
* * * LOW HITPOINT WARNING * * *
Duvessa says, "I will avenge him!"
Something barely misses your hound.
Your hound is smitten.
An orc and an orc priest come into view.
The orc shouts!
The orc moves out of view.
The orc priest moves out of view.
Duvessa weeps.
You aren't carrying any potions.
You aren't carrying any scrolls.
Unknown command.
The orc priest invokes the aid of Beogh against you.
Pain shoots through your body!
Ouch! That really hurt!
You die...

# # ####### #####.....#
....##.##.#
....##..#.############
....##..#.#..h..o....#
........#.#o########.###
(.........o..h.e@o....>#
....###.#.#.########.#.#
....# #...#.# #.#.#
##### #.###.# #.#.#
#.....# ###.#.# #######
#...#.# #.###.# #...#.#
###.#.#


You could see Duvessa, an orc priest, 2 orcs and a friendly hound.

Vanquished Creatures (collateral kills)
  Dowan (D:4)
  A hound skeleton (D:4)
  An adder (D:4)
  A leopard gecko skeleton (D:4)
4 creatures vanquished.

Notes
Turn   | Place    | Note
-------+----------+-------------------------------------------
     0 | D:1      | Amnesiac the Deep Elf Summoner began the quest for the Orb.
     0 | D:1      | Reached XP level 1. HP: 10/10 MP: 6/6
    22 | D:3      | Noticed an orc wizard
    60 | D:4      | Reached skill level 1 in Fighting
   487 | D:4      | Noticed Dowan
   500 | D:4      | Reached XP level 2. HP: 16/16 MP: 6/8
   505 | D:4      | Learned a level 2 spell: Call Imp
   527 | D:4      | Killed Dowan
   527 | D:4      | Reached XP level 3. HP: 22/22 MP: 1/9
   532 | D:4      | Learned a level 3 spell: Call Canine Familiar
   602 | D:4      | Noticed Duvessa
   683 | D:4      | Killed from afar by an orc priest

Vault maps used:
D:1:      minmay_arrival_floating_metal
D:2:      lemuel_doored_altar, gammafunk_temple_overflow_pools,
          gammafunk_temple_overflow_wave
D:3:      led_sif_book
D:4:      nicolae_overflow_crystal_walls, minmay_temple_entry_nine_rooms,
          first_ration, minmay_misc_feat_columns, uniq_eustachio, uniq_duvessa,
          uniq_edmund

Skill      XL: |  1  2 |
---------------+-------+-----
Fighting       | 1 2 |  2.4
Dodging        | |  2.4
Stealth        | |  2.4
Spellcasting   | |  3.0
Summonings     | |  4.3

Action                   || total
-------------------------++-------
Melee: Unarmed           ||     8
       Dagger            ||     4
 Cast: Summon Small Mamm ||    13
       Call Imp          ||     5
       Call Canine Famil ||     3
Armor: Robe              ||     2
Dodge: Dodged            ||    13

Table legend:
 A = Spawn XP
 B = Non-spawn XP
 C = Spawn XP percentage of total XP
 D = Spawn monster count
 E = Non-spawn monster count
 F = Spawn count percentage of total count
 G = Total turns spent on level
                    A         B        C        D         E        F      G
               +---------+---------+-------+---------+---------+-------+---------
         Total |       0 |      54 |   0.0 |       0 |       4 |   0.0 |   683
               +---------+---------+-------+---------+---------+-------+---------
           D:4 |       0 |      54 |   0.0 |       0 |       4 |   0.0 |   631
               +---------+---------+-------+---------+---------+-------+---------
